 Dungeon Crawl Stone Soup version 0.25-a0-424-g80bd347 (webtiles) character file.

Game seed: 6020062703202816141, levelgen mode: deterministic

28 15 the Insei (level 3, -1/23 HPs)
             Began as an Octopode Transmuter on Jan 22, 2020.
             Slain by Sigmund
             ... wielding a +0 scythe
              (6 damage)
             ... on level 2 of the Dungeon.
             The game lasted 00:03:06 (1081 turns).

15 the Insei (Octopode Transmuter)                  Turns: 1081, Time: 00:03:06

Health: -1/23      AC:  1    Str: 10    XL:     3   Next: 12%
Magic:  4/6        EV: 16    Int: 15    God:
Gold:   36         SH:  0    Dex: 12    Spells: 3/6 levels left

rFire    . . .     SeeInvis .     - Unarmed
rCold    . . .     Gourm    .   (no shield)
rNeg     . . .     Faith    .   (helmet restricted)
rPois    .         Spirit   .   (no amulet)
rElec    .         Reflect  .   i - +3 ring of evasion
rCorr    .         Harm     .   (no ring)
MR       .....                  (no ring)
Stlth    +++.......             (no ring)
HPRegen  0.07/turn              (no ring)
MPRegen  0.10/turn              (no ring)
                                (no ring)
                                (no ring)

@: hasted, very quick
A: almost no armour, stealthy swim, amphibious, 8 rings, constrict 8, camouflage
1, gelatinous body 1
a: no special abilities


You were on level 2 of the Dungeon.
You were hungry.

You visited 1 branch of the dungeon, and saw 2 of its levels.

You collected 36 gold pieces.

Inventory:

Missiles
 a - 49 arrows
Jewellery
 i - a +3 ring of evasion (left tentacle)
Potions
 b - a potion of agility {unknown}
 h - a potion of heal wounds {unknown}
Comestibles
 c - 3 rations


   Skills:
 * Level 1.4 Fighting
 * Level 2.1 Dodging
 * Level 1.0 Stealth
 + Level 3.5 Unarmed Combat
 + Level 2.2 Spellcasting
 + Level 2.0 Transmutations


You had 3 spell levels left.
You knew the following spells:

 Your Spells              Type           Power        Failure   Level  Hunger
a - Beastly Appendage     Tmut           #.....       10%         1    #......
b - Sticks to Snakes      Tmut           #.......     14%         2    ###....

Your spell library contained the following spells:

 Spells                   Type           Power        Failure   Level  Hunger
 Spider Form              Tmut/Pois      #.........   38%         3    ###....
 Ice Form                 Ice/Tmut       #.......     80%         4    #####..
 Blade Hands              Tmut           #.........   95%         5    ######.


Dungeon Overview and Level Annotations

Branches:
Dungeon (2/15)

Altars:

Annotations:
D:2 Sigmund


Innate Abilities, Weirdness & Mutations

You cannot wear most types of armour.
You are very stealthy in the water. (Stealth+)
You are amphibious.
You can wear up to eight rings at the same time.
You can use your tentacles to constrict eight enemies at once.
Your skin changes colour to match your surroundings (Stealth+).
Your rubbery body absorbs attacks. (AC +1, EV +1)


Message History

You are feeling hungry.
You hear a zap.
A puff of flame appears from out of thin air!
The puff of flame hits you!
Ouch! That really hurt!
* * * LOW HITPOINT WARNING * * *
You tentacle-slap something. Your squeeze misses something.
Something barely misses you.
You tentacle-slap something. You tentacle-slap something.
You squeeze something. You tentacle-slap something.
You hear some strange, mumbled words.
Something tries to affect you, but you resist.
You barely miss something. You squeeze something.
You hear a zap.
A puff of flame appears from out of thin air!
The puff of flame misses you.
You barely miss something. You miss something. Something hits you.
You die...

##.##.# .....##
#....####.. ##.#.#.#
....@####....# #.#....#
###..........# ##...###
#.......###.## ##.## #.#
#.# #.# #.#
#.#####.###.#
#.########.##........#
#........#.##{##.##....%
####.#.#.#.##@##.# ####
#.#.#.#..S....#
#.#........####
#.###.###### #.###.#
#>....# #######


You could see a friendly ball python.

Vanquished Creatures
  A dart slug (D:1)
  A leopard gecko (D:1)
  5 bats (D:1)
  A giant cockroach (D:1)
  2 hobgoblins (D:1)
  4 jackals (D:1)
  3 kobolds (D:1)
  A frilled lizard (D:1)
  2 goblins (D:1)
  2 rats (D:1)
22 creatures vanquished.

Notes
Turn   | Place    | Note
-------+----------+-------------------------------------------
     0 | D:1      | 15 the Octopode Transmuter began the quest for the Orb.
     0 | D:1      | Reached XP level 1. HP: 13/13 MP: 3/3
   176 | D:1      | Reached XP level 2. HP: 18/18 MP: 3/5
   180 | D:1      | Learned a level 2 spell: Sticks to Snakes
   515 | D:1      | Reached skill level 1 in Stealth
   517 | D:1      | Reached XP level 3. HP: 18/23 MP: 6/6
  1059 | D:2      | Noticed Sigmund
  1081 | D:2      | Slain by Sigmund

Levels and vault maps discovered:
D:1:      minmay_arrival_four_loops, layout_basic, kennysheep_doodads
D:2:      layout_loops_cross, uniq_sigmund

Skill      XL: |  1  2 |
---------------+-------+-----
Stealth        | 1 |  1.0
Fighting       | |  1.4
Dodging        | |  2.1
Unarmed Combat | |  3.5
Spellcasting   | |  2.2
Transmutations | |  2.0

Action                   || total
-------------------------++-------
Melee: Unarmed           ||    56
       Constrict         ||    13
       Tentacles         ||     9
       Kick              ||     1
 Cast: Beastly Appendage ||     1
       Sticks to Snakes  ||     1
  Use: Potion            ||     4
       Scroll            ||     2
 Stab: Sleeping          ||     4
Armor: Skin              ||     4
Dodge: Dodged            ||    42

Table legend:
 A = Non-vault XP
 B = Vault XP
 C = Vault XP percentage of total XP
 D = Non-vault monster count
 E = Vault monster count
 F = Vault count percentage of total count
                 A         B        C        D         E       F
            +---------+---------+-------+---------+---------+-------
      Total |      40 |       0 |   0.0 |      22 |       0 |   0.0
            +---------+---------+-------+---------+---------+-------
        D:1 |      40 |       0 |   0.0 |      22 |       0 |   0.0
            +---------+---------+-------+---------+---------+-------
